 Dungeon Crawl Stone Soup version 0.30.0-29-ga12c61a403 (webtiles) character file.

Game seed: 2649778074308190014

6264 Nicoed the Severer (level 10, 0/70 HPs)
             Began as a Minotaur Fighter on June 11, 2023.
             Was an Elder of Okawaru.
             Slain by an ogre
             ... wielding a +0 giant club
              (14 damage)
             ... on level 9 of the Dungeon.
             The game lasted 00:12:24 (8039 turns).

Nicoed the Severer (Minotaur Fighter)               Turns: 8039, Time: 00:12:25

Health: 0/70       AC: 16    Str: 26    XL:     10   Next: 62%
Magic:  13/15      EV:  7    Int:  5    God:    Okawaru [****..]
Gold:   917        SH: 14    Dex:  9    Spells: 9/9 levels left

rFire   . . .        f - +6 broad axe
rCold   . . .        b - +0 tower shield
rNeg    . . .        C - +0 plate armour
rPois   .            (helmet restricted)
rElec   .            (no cloak)
rCorr   .            h - +1 pair of gloves
SInv    .            (no boots)
Will    .....        s - amulet of the acrobat Stlth
                     (no ring)
HPRegen 0.31/turn    (no ring)
MPRegen 0.14/turn

%: acrobat
@: heroic
A: horns 2, retaliatory headbutt, frail 1
a: Renounce Religion, Heroism, Finesse


You were on level 9 of the Dungeon.
You worshipped Okawaru.
Okawaru was greatly pleased with you.
You visited 1 branch of the dungeon, and saw 9 of its levels.
You also visited: Bailey.

You collected 917 gold pieces.

Inventory:

Hand Weapons
 f - a +6 broad axe (weapon)
Armour
 b - a +0 tower shield (worn)
 h - a +1 pair of gloves (worn)
 q - the +3 leather armour of Fortitude {Fly rElec}
   (You found it on level 4 of the Dungeon)

   rElec:     It insulates you from electricity.
   Fly:       It grants you flight.
 C - a +0 plate armour (worn)
Jewellery
 r - a +4 ring of protection
 s - an amulet of the acrobat (around neck)
Wands
 t - a wand of flame (29)
 x - a wand of mindburst (10)
Scrolls
 e - 2 scrolls of teleportation
 j - 2 scrolls of fear
 m - a scroll of enchant armour
 o - 3 scrolls of identify
 p - a scroll of silence
 w - 2 scrolls of amnesia
 y - 2 scrolls of butterflies
 B - a scroll of fog
Potions
 a - a potion of haste
 c - 4 potions of attraction
 d - a potion of mutation
 g - 7 potions of curing
 i - a potion of heal wounds
 k - a potion of brilliance
 l - a potion of magic
 n - a potion of flight
 z - 2 potions of invisibility


   Skills:
 - Level 4.0(9.0) Fighting
 + Level 16.3(21.3) Axes
 - Level 4.0(9.0) Armour
 - Level 4.0(9.0) Shields
 - Level 8.0 Invocations


You had 9 spell levels left.
You didn't know any spells.
Your spell library contained the following spells:

 Spells                   Type           Power      Damage    Failure   Level
 Apportation              Tloc           0%         N/A       100%        1
 Magic Dart               Conj           0%         1d3       100%        1
 Blink                    Tloc           0%         N/A       100%        2
 Ensorcelled Hibernation  Hex/Ice        0%         N/A       100%        2
 Lesser Beckoning         Tloc           0%         N/A       100%        2
 Momentum Strike          Conj/Tloc      0%         3d8       100%        2
 Searing Ray              Conj           0%         2d4       100%        2
 Portal Projectile        Hex/Tloc       0%         N/A       100%        3
 Spider Form              Tmut/Pois      0%         N/A       100%        3
 Anguish                  Hex/Necr       0%         N/A       100%        4
 Fulminant Prism          Conj/Hex       0%         3d5       100%        4
 Passage of Golubria      Tloc           0%         N/A       100%        4
 Alistair's Intoxication  Tmut/Pois      0%         N/A       100%        5
 Blade Hands              Tmut           0%         N/A       100%        5
 Silence                  Hex/Air        0%         N/A       100%        5
 Lehudib's Crystal Spear  Conj/Erth      0%         10d2      100%        8
 Tukima's Dance           Hex            Unusable   N/A       N/A         3

Dungeon Overview and Level Annotations

Branches:
Dungeon (9/15)             Temple (0/1) D:5          Bailey (visited)
   Lair: D:8-11         Orc: D:9-12

Altars:
Ashenzari
Fedhas
Makhleb
Nemelex Xobeh
Okawaru
Sif Muna
Trog
Uskayaw
Wu Jian
The Shining One

Annotations:
D:8 1 transporter


Innate Abilities, Weirdness & Mutations

You have a pair of horns on your head.
You reflexively headbutt those who attack you in melee.
You are frail. (-10% HP)


Message History

The warg closely misses you. You furiously retaliate!
You headbutt the warg! You barely miss the orc priest. You hit the warg.
The orc priest completely misses you.
The warg stops to sniff the ground.
The warg bites you!
You barely miss the orc priest. You closely miss the warg. The warg bites you.
An orc comes into view. It is wielding a +0 flail.
The orc priest invokes the aid of Beogh against you.
Pain shoots through your body!
Unknown command.
The orc priest attacks as you move away!
The orc priest hits you but does no damage.
The orc shouts!
The warg bites you.
* * * LOW HITPOINT WARNING * * *
The warg bites you.
* * * LOW HITPOINT WARNING * * *
You gain the combat prowess of a mighty hero.
The orc priest hits you but does no damage.
You block the warg's attack.
Unknown command.
You completely miss the orc priest. You slash the warg!
You kill the warg!
Okawaru accepts your kill.
The orc priest invokes the aid of Beogh against you.
Pain shoots through your body!
* * * LOW HITPOINT WARNING * * *
Unknown command.
You slice the orc priest!!
You kill the orc priest!
Okawaru accepts your kill.
You slash the orc!
You kill the orc!
Okawaru accepts your kill.
Unknown command.
Unknown command.
You hit the ogre.
The ogre is lightly wounded.
The ogre hits you with a +0 giant club!
You die...

#####.####
#..#
####.#
###.#.## #
#..#))# .#
##....##
..#..#...#
##.##..###
#...##@#.#
# #.)O).#
#.)#)..$#
#..##.####
#.# ..# #.
.## . . #
.#


You could see an ogre.

Vanquished Creatures
  An orc warlord (Bailey)
  The ghost of Zazubon the Cleaver, a novice MiBe of Trog (D:7)
  An orc knight (Bailey)
  Grinder (D:6)
  Prince Ribbit (D:6)
  Sigmund (D:4)
  Eustachio (D:6)
  A wraith (D:7)
  A steam dragon (D:8)
  A warg (D:9)
  2 water moccasins (D:7)
  2 ice beasts
  4 orc warriors
  5 black bears
  An ogre (D:5)
  A kobold brigand (D:8)
  Blork the orc (D:6)
  5 bullfrogs
  6 scorpions (D:5)
  3 killer bees (D:8)
  A howler monkey (D:8)
  6 orc priests
  A gnoll bouda (D:5)
  2 jellies (D:7)
  4 hounds
  3 iguanas
  2 sleepcaps
  8 orc wizards
  Robin (D:2)
  12 gnolls
  6 adders
  A shadow imp (D:7)
  A white imp (D:5)
  4 dart slugs
  42 orcs
  9 bats
  3 endoplasms
  A giant cockroach (D:3)
  25 goblins
  12 hobgoblins
  7 ball pythons
  2 frilled lizards
  26 kobolds
  5 rats
224 creatures vanquished.

Notes
Turn   | Place    | Note
-------+----------+-------------------------------------------
     0 | D:1      | Nicoed the Minotaur Fighter began the quest for the Orb.
     0 | D:1      | Reached XP level 1. HP: 19/19 MP: 0/0
   167 | D:1      | Reached XP level 2. HP: 27/27 MP: 1/1
   332 | D:1      | Found a faded altar of an unknown god.
   500 | D:1      | Reached skill level 3 in Axes
   731 | D:2      | Found a broken altar of Ashenzari.
   760 | D:2      | Reached XP level 3. HP: 33/33 MP: 2/2
   971 | D:2      | Noticed Robin
   982 | D:2      | Reached skill level 4 in Axes
   985 | D:2      | Killed Robin
  1098 | D:2      | Reached XP level 4. HP: 40/40 MP: 3/3
  1681 | D:3      | Found a burning altar of Makhleb.
  1707 | D:4      | Reached skill level 5 in Axes
  1917 | D:4      | Noticed a bullfrog
  1930 | D:4      | Killed a bullfrog
  1931 | D:4      | Reached skill level 6 in Axes
  1931 | D:4      | Reached XP level 5. HP: 11/46 MP: 4/4
  1934 | D:4      | Reached skill level 7 in Axes
  1944 | D:4      | HP: 2/46 [orc priest/divine providence (9)]
  1946 | D:4      | Reached XP level 6. HP: 2/52 MP: 5/5
  2182 | D:4      | Noticed Sigmund
  2193 | D:4      | Killed Sigmund
  2194 | D:4      | Reached skill level 8 in Axes
  2293 | D:4      | Identified the +3 leather armour of Fortitude {Fly rElec}
  2494 | D:4      | Reached XP level 7. HP: 56/59 MP: 6/6
  2632 | D:5      | Entered Level 5 of the Dungeon
  2702 | D:5      | Found a blossoming altar of Fedhas.
  2705 | D:5      | Found an iron altar of Okawaru.
  2709 | D:5      | Became a worshipper of Warmaster Okawaru
  2715 | D:5      | Found a shimmering blue altar of Sif Muna.
  2718 | D:5      | Found a bloodstained altar of Trog.
  2795 | D:5      | Found a staircase to the Ecumenical Temple.
  2842 | D:5      | Reached skill level 9 in Axes
  2882 | D:5      | Reached skill level 1 in Invocations
  3025 | D:5      | Reached * piety under Okawaru
  3031 | D:5      | Gained mutation: You are frail. (-10% HP) [potion of
                  | mutation]
  3164 | D:5      | Found a hide-covered altar of Uskayaw.
  3448 | D:5      | Reached skill level 10 in Axes
  3448 | D:5      | Reached XP level 8. HP: 57/59 MP: 9/9
  3801 | D:6      | Reached ** piety under Okawaru
  3812 | D:6      | Reached skill level 5 in Invocations
  3983 | D:6      | Noticed Blork the orc
  3992 | D:6      | Killed Blork the orc
  3995 | D:6      | Reached skill level 11 in Axes
  4079 | D:6      | Noticed Grinder
  4090 | D:6      | Killed Grinder
  4168 | D:6      | Noticed Eustachio
  4203 | D:6      | Killed Eustachio
  4204 | D:6      | Reached XP level 9. HP: 5/63 MP: 12/12
  4450 | D:6      | Found a sparkling altar of Nemelex Xobeh.
  4719 | D:6      | Noticed Prince Ribbit
  4733 | D:6      | Killed Prince Ribbit
  4733 | D:6      | Reached *** piety under Okawaru
  4734 | D:6      | Reached skill level 12 in Axes
  5225 | D:7      | Noticed Zazubon's ghost (novice MiBe)
  5229 | D:7      | Found a transporter.
  5237 | D:7      | Found a transporter.
  5503 | D:7      | Found an ornate altar of the Wu Jian Council.
  5504 | D:7      | Found a glowing golden altar of the Shining One.
  6355 | D:7      | Killed Zazubon's ghost
  6356 | D:7      | Reached skill level 13 in Axes
  6440 | D:8      | Found a flagged portal.
  6447 | Bailey   | Entered a bailey
  6452 | Bailey   | Noticed an orc warlord
  6510 | Bailey   | Reached skill level 14 in Axes
  6510 | Bailey   | Reached XP level 10. HP: 29/70 MP: 15/15
  6625 | Bailey   | Noticed an orc knight
  6635 | Bailey   | Killed an orc knight
  6635 | Bailey   | Reached **** piety under Okawaru
  6742 | Bailey   | Found a runed translucent gate.
  6745 | Bailey   | Found a runed translucent gate.
  6747 | Bailey   | Found a runed translucent gate.
  6914 | Bailey   | Killed an orc warlord
  6915 | Bailey   | Reached skill level 15 in Axes
  6986 | Bailey   | Acquired 473 gold pieces
  7229 | D:8      | Found a transporter.
  7243 | D:8      | Found a transporter.
  7265 | D:8      | Found a transporter.
  7286 | D:8      | Found a transporter.
  7681 | D:8      | Reached skill level 16 in Axes
  8039 | D:9      | Slain by an ogre

Illustrated notes

Levels and vault maps discovered:
D:1:      evilmike_arrival_plus, layout_loops_ring, basic_ecumenical_altar
D:2:      layout_basic, basic_altar, uniq_robin
D:3:      layout_basic, lightli_temple_of_fire
D:4:      layout_rooms, uniq_sigmund
D:5:      old_forge, layout_loops_ring, grunt_temple_overflow_cloverleaf,
          nicolae_uskayaw_murder_on_the_dancefloor,
          minmay_temple_entry_from_below_a, skrybe_limestone_x
D:6:      layout_gridville, mainiacjoe_overflow_cross_hatched,
          uniq_blork_the_orc, uniq_eustachio, uniq_prince_ribbit1, uniq_grinder
D:7:      layout_basic, mainiacjoe_overflow_divided_tiny, gammafunk_ghost_arena
D:8:      layout_rooms, enter_bailey_3, nicolae_transporter_circle
D:9:      layout_roguey, nicolae_elyvilon_peaceful_grove,
          nicolae_ru_awakened_eye, erik_orc_3

Skill      XL: |  1  2  3  4  5  6  7  8  9 10 |
---------------+-------------------------------+-----
Armour         | 4 |  4.0
Fighting       | 4 |  4.0
Axes           | 3 4 6 7 8 10 11 14 16 | 16.3
Shields        | 4 |  4.0
Invocations    | 3 6 8 |  8.0

Action                     |  1- 3 |  4- 6 |  7- 9 | 10-12 || total
---------------------------+-------+-------+-------+-------++-------
  Melee: War axe           |    76 |    89 |   190 |       ||   355
         Headbutt          |     5 |    10 |    46 |    15 ||    76
         Hand axe          |       |       |    86 |    37 ||   123
         Broad axe         |       |       |       |    54 ||    54
  Throw: Throwing net      |       |       |     2 |       ||     2
 Invoke: Heroism           |       |       |     1 |     2 ||     3
         Finesse           |       |       |       |     1 ||     1
  Evoke: Wand              |       |       |     2 |    12 ||    14
    Use: Potion            |       |     1 |    11 |     3 ||    15
         Scroll            |       |       |    12 |     3 ||    15
   Stab: Held in net/web   |       |       |     4 |       ||     4
         Invisible         |       |       |       |     1 ||     1
 Armour: Scale mail        |    35 |    51 |       |       ||    86
         Leather armour    |       |     5 |    66 |       ||    71
         Plate armour      |       |       |    18 |    58 ||    76
  Dodge: Dodged            |    34 |    45 |    99 |    22 ||   200
  Block: Buckler           |    13 |    20 |       |       ||    33
         Tower shield      |       |       |   169 |    45 ||   214
